 Dungeon Crawl Stone Soup version 0.31-a0-360-gb3e1d13bf4 (webtiles) character file.

Game seed: 1200093521039705771

2904033 Shard1697 the Stickfighter (level 27, 199/199 HPs)
             Began as a Human Fighter on July 26, 2023.
             Was the Champion of Hepliaklqana.
             Escaped with the Orb
             ... and 4 runes!
             The game lasted 02:14:54 (48723 turns).

Shard1697 the Stickfighter (Human Fighter)         Turns: 48723, Time: 02:14:54

Health: 199/199    AC: 47    Str: 26      XL:     27
Magic:  12/12      EV: 29    Int: 15 (17) God:    Hepliaklqana [******]
Gold:   5217       SH:  0    Dex: 22 (23) Spells: 4/26 levels left

rFire   + . .        a - +11 lajatang "Onotawuh" {antimagic, rF+ rC+ rN+ Dex+2}
rCold   + . .        (shield currently unavailable)
rNeg    + + .        Z - +8 pearl dragon scales
rPois   +            V - +2 helmet {SInv}
rElec   .            C - +2 cloak of Activism {Int+3}
rCorr   +            Q - +1 pair of gloves {Dex+3}
SInv    +            k - +2 pair of boots
Will    ++...        r - amulet of Piyc {rPois Regen+ Int+2}
Stlth   +            E - +5 ring of evasion
HPRegen 1.33/turn    b - ring of Amicerye {rCorr AC+4 Stlth+}
MPRegen 0.13/turn

%: no passive effects
@: studying 2 skills
A: reduced essence, iridescent scales 1, clever 1, strong 1, devolution 1
0: Orb of Zot
}: 4/15 runes: serpentine, barnacled, silver, abyssal
a: Renounce Religion, Recall Ancestor, Ancestor Identity, Transference, Idealise


You escaped.
You worshipped Hepliaklqana.
Hepliaklqana was exalted by your worship.
You visited 8 branches of the dungeon, and saw 44 of its levels.
You visited the Abyss 2 times.
You also visited: Trove, Ossuary, Ice Cave and Volcano.

You collected 9822 gold pieces.
You spent 4605 gold pieces at shops.

Inventory:

Hand Weapons
 a - the +11 lajatang "Onotawuh" (weapon) {antimagic, rF+ rC+ rN+ Dex+2}
   (You found it on level 9 of the Dungeon)

   Dex:       It affects your dexterity (+2).
   rF:        It protects you from fire.
   rC:        It protects you from cold.
   rN:        It protects you from negative energy.
 T - the +11 lajatang of Makhleb's Generosity {freeze, rCorr MP+9 Str-5 Dex+4}
   (You found it on level 3 of the Depths)

   Str:       It affects your strength (-5).
   Dex:       It affects your dexterity (+4).
   MP:        It affects your magic capacity (+9).
   rCorr:     It protects you from acid and corrosion.
Armour
 k - a +2 pair of boots (worn)
 C - the +2 cloak of Activism (worn) {Int+3}
   (You found it in a treasure trove)

   Int:       It affects your intelligence (+3).
 N - the +6 scale mail of the Nightingale {Will++ Str+3 Dex+3}
   (You bought it in a shop on level 2 of the Orcish Mines)

   Str:       It affects your strength (+3).
   Dex:       It affects your dexterity (+3).
   Will:      It greatly increases your willpower.
 Q - a +1 pair of gloves of dexterity (worn)
 V - a +2 helmet of see invisible (worn)
 Z - +8 pearl dragon scales (worn)
Jewellery
 b - the ring of Amicerye (right hand) {rCorr AC+4 Stlth+}
   (You acquired it on level 2 of the Depths)

   [ring of protection]

   AC:        It affects your AC (+4).
   rCorr:     It protects you from acid and corrosion.
   Stlth:     It makes you more stealthy.
 r - the amulet of Piyc (around neck) {rPois Regen+ Int+2}
   (You acquired it on level 6 of the Dungeon)

   [amulet of regeneration]

   Int:       It affects your intelligence (+2).
   rPois:     It protects you from poison.
   Regen:     It increases your rate of health regeneration.
 x - an amulet of regeneration
 E - a +5 ring of evasion (left hand)
 G - a ring of see invisible
 M - a ring of protection from fire
Wands
 c - a wand of polymorph (12)
 h - a wand of roots (41)
 w - a wand of mindburst (26)
 B - a wand of acid (31)
 H - a wand of digging (9)
 I - a wand of paralysis (35)
 L - a wand of flame (42)
Scrolls
 i - 8 scrolls of poison
 j - 2 scrolls of revelation
 l - 7 scrolls of amnesia
 y - 9 scrolls of blinking
 A - 9 scrolls of fear
 F - 9 scrolls of teleportation
 K - 3 scrolls of silence
 X - 26 scrolls of identify
 Y - 4 scrolls of butterflies
Potions
 d - 2 potions of might
 e - 14 potions of curing
 o - 8 potions of ambrosia
 p - a potion of resistance
 q - 8 potions of lignification
 s - a potion of cancellation
 t - 5 potions of mutation
 u - 7 potions of haste
 z - 7 potions of brilliance
 O - 2 potions of heal wounds
 P - 6 potions of enlightenment
 S - a potion of invisibility
 W - a potion of magic
Miscellaneous
 f - a phantom mirror
 m - a condenser vane
 v - a lightning rod (4/4)
 J - a box of beasts
 R - a phial of floods


   Skills:
 - Level 19.5 Fighting
 - Level 13.2(18.0) Maces & Flails
 - Level 19.6(21.0) Staves
 - Level 19.5 Armour
 - Level 19.5 Dodging
 - Level 6.0 Stealth
 - Level 3.0 Shields
 - Level 10.0 Translocations
 - Level 7.5 Air Magic
 - Level 19.5 Invocations
 + Level 18.2 Evocations


You had 4 spell levels left.
You knew the following spells:

 Your Spells              Type           Power      Damage    Failure   Level
a - Manifold Assault      Tloc           30%        N/A       8%          4
b - Blink                 Tloc           60%        N/A       1%          2
c - Dispersal             Tloc           15%        N/A       77%         6
d - Apportation           Tloc           60%        N/A       1%          1
e - Passage of Golubria   Tloc           30%        N/A       8%          4
f - Lesser Beckoning      Tloc           60%        N/A       1%          2
t - Vhi's Electric Charg  Tloc/Air       52%        N/A       4%          3

Your spell library contained the following spells:

 Spells                   Type           Power      Damage    Failure   Level
 Gell's Gravitas          Tloc           30%        N/A       2%          3
 Teleport Other           Tloc           30%        N/A       2%          3
 Momentum Strike          Conj/Tloc      30%        3d8       10%         2
 Portal Projectile        Hex/Tloc       30%        N/A       19%         3
 Volatile Blastmotes      Fire/Tloc      30%        2d12      19%         3
 Cigotuvi's Dreadful Rot  Necr/Pois/Air  14%        N/A       26%         2
 Freeze                   Ice            0%         1d3       43%         1
 Kiss of Death            Conj/Necr      0%         2d5       43%         1
 Scorch                   Fire           0%         2d5       58%         2
 Sublimation of Blood     Necr           0%         N/A       58%         2
 Wereblood                Tmut           0%         N/A       58%         2
 Call Canine Familiar     Summ           0%         N/A       82%         3
 Confusing Touch          Hex            0%         N/A       82%         3
 Dazzling Flash           Conj/Hex       0%         N/A       82%         3
 Frozen Ramparts          Ice            0%         1d1       82%         3
 Hailstorm                Conj/Ice       0%         3d3       82%         3
 Inner Flame              Hex/Fire       0%         N/A       82%         3
 Ozocubu's Armour         Ice            0%         N/A       82%         3
 Tukima's Dance           Hex            0%         N/A       82%         3
 Animate Dead             Necr           0%         N/A       99%         4
 Dispel Undead            Necr           0%         3d6       99%         4
 Flame Wave               Conj/Fire      0%         2d4       99%         4
 Leda's Liquefaction      Hex/Erth       0%         N/A       99%         4
 Sticky Flame             Conj/Fire      0%         2d3       99%         4
 Summon Ice Beast         Ice/Summ       0%         N/A       99%         4
 Summon Forest            Summ/Tloc      7%         N/A       86%         5
 Arcjolt                  Conj/Air       5%         1d15      96%         5
 Alistair's Intoxication  Tmut/Pois      0%         N/A       100%        5
 Summon Mana Viper        Hex/Summ       0%         N/A       100%        5
 Yara's Violent Unravell  Hex/Tmut       0%         3d3       100%        5
 Death Channel            Necr           0%         N/A       100%        6
 Plasma Beam              Fire/Air       5%         2x1d16    100%        6
 Simulacrum               Ice/Necr       0%         N/A       100%        6
 Starburst                Conj/Fire      0%         6d3       100%        6
 Summon Cactus Giant      Summ           0%         N/A       100%        6
 Enfeeble                 Hex            0%         N/A       100%        7
 Haunt                    Necr/Summ      0%         N/A       100%        7
 Ozocubu's Refrigeration  Ice            0%         4d7       100%        7
 Summon Hydra             Summ           0%         N/A       100%        7
 Infestation              Necr           0%         N/A       100%        8
 Maxwell's Capacitive Co  Air            11%        ∞         100%        8
 Polar Vortex             Ice            0%         N/A       100%        9


Dungeon Overview and Level Annotations

Branches:
Dungeon (15/15)            Temple (0/1) D:7            Lair (5/5) D:10
 Shoals (4/4) Lair:3        Snake (4/4) Lair:2        Slime (0/5) Lair:5
    Orc (2/2) D:12            Elf (0/3) Orc:2        Vaults (5/5) D:14
  Crypt (0/3) Vaults:3     Depths (4/4) D:15            Zot (5/5) Depths:4
Ossuary (visited)           IceCv (visited)         Volcano (visited)

Altars:
Ashenzari
Elyvilon
Fedhas
Hepliaklqana
Kikubaaqudgha
Makhleb
Okawaru
Sif Muna
Trog
Uskayaw
Zin
The Shining One
Jiyva

Shops:
D:5 !([=   D:12 !   Orc:2 *=**=   Shoals:2 **[=   Shoals:3 [   Snake:1 :=:=
Snake:4 !   Vaults:2 [   Vaults:3 (   Vaults:5 ?   Depths:1 *   Depths:2 [:?

Portals:
Hell: Depths:1 Depths:2 Depths:3 Depths:4
Abyss: Lair:3 Depths:1 Depths:2 Depths:3
Pandemonium: Depths:2 Depths:3
Ziggurat: Depths:4

Annotations:
D:6 3 runed translucent doors, hashsling's ghost, novice GrFi
D:10 Erolcha
Lair:3 1 transporter
Shoals:4 6 transporters
Snake:1 2 transporters, cforsyth's ghost, adept GnAr
Depths:1 3 runed translucent doors


Innate Abilities, Weirdness & Mutations

Your life essence is reduced to manifest your ancestor. (-10% HP)
You are partially covered in iridescent scales. (AC +2)
Your mind is acute. (Int +4, Str/Dex -1)
Your muscles are strong. (Str +4, Int/Dex -1)
You have hidden genetic defects.


Message History

Press: ? - help, Dir - move target Fall back!
The rat misses you. The rat attacks as you move away!
The rat completely misses you. The rat attacks as you move away!
The rat completely misses you. The rat attacks as you move away!
The rat misses you.
A shadow demon comes into view.
The rat attacks as you move away! The rat closely misses you.
The shadow demon attacks as you move away!
The shadow demon barely misses you.
You slash the shadow demon!
The shadow demon's magic leaks into the air.
The shadow demon is moderately wounded.
The shadow demon's magic is no longer disrupted.
The rat misses you.
You closely miss the shadow demon.
The shadow demon is moderately wounded.
The shadow demon hits you but does no damage.
The rat misses you.
You slash the shadow demon!
The shadow demon's magic leaks into the air.
The shadow demon is moderately wounded.
The shadow demon hits you but does no damage.
The rat completely misses you.
You closely miss the shadow demon.
The shadow demon is moderately wounded.
You slice the shadow demon!!
The shadow demon's magic leaks into the air.
The shadow demon is severely wounded.
The shadow demon hits you. The rat closely misses you.
You closely miss the shadow demon.
The shadow demon is severely wounded.
The shadow demon falters for a moment.
The rat bites you but does no damage.
You carve the shadow demon like a ham!!!
You kill the shadow demon!
Training target 19.5 for Armour reached!
The rat attacks as you move away! The rat bites you.
The rat attacks as you move away! The rat completely misses you.
There is a staircase leading out of the dungeon here.
The rat completely misses you.
You have escaped!

...#...##.##.###8#...##..........
####...##.#..# #.###.##.####...#.
............####.###......##...##
..##...##.####.....####.#..#...##
..##...##.##..8...8..##.##....##.
..........##.........##.###......
..###..####...........#.....#.#.#
.......####...........#######.#..
..####.#8.......@.......8# #.##.
.......####.....r.....#### #.##.
........# #...........# #.##.
.....##.# ##.........## #.##.
........# #.........# ####.##.
....†##### ###.....### #..#.###
....[....# #..R..# #..#.#..
.........# ##.....#######..#.#..
.........# #8.....8#.......#.#..


You could see the friendly Leapfrog the battlemage and a rat (ally target).

Vanquished Creatures
  An orb of fire (Zot:5)
  An ancient lich (Vaults:5)
  4 dread liches
  Mennas (Vaults:4)
  A Killer Klown (Zot:5)
  2 caustic shrikes (Depths:4)
  Saint Roka (Vaults:5)
  4 curse toes
  Jory (Vaults:4)
  5 golden dragons
  2 bone dragons (Depths:4)
  3 electric golems
  A hellephant (Zot:4)
  Jorgrun (D:12)
  13 Orb Guardians
  8 tentacled monstrosities
  A lich (Vaults:5)
  2 titans (Vaults:5)
  The ghost of Mungiw the Peltast, an adept MiBe of Trog (Shoals:3)
  3 tentacled starspawn
  An ancient champion (Vaults:3)
  2 sphinxes
  5 death cobs
  Kirke (Shoals:3)
  10 storm dragons
  4 tengu reavers
  7 shadow dragons
  3 draconian monks
  2 draconian knights (Zot:2)
  5 fire giants
  9 nagarajas
  The ghost of Zyonedgh the Rich, an adept DsMo of Gozag (Shoals:3)
  4 frost giants
  5 draconian scorchers
  2 iron dragons
  13 vault wardens
  2 draconian stormcallers
  2 draconian shifters (Zot:5)
  2 orc warlords
  3 ghost moths
  16 ironbound preservers
  3 war gargoyles
  3 draconian annihilators
  2 caustic shrike zombies
  A reaper (D:5)
  13 stone giants
  15 very ugly things
  6 green draconians
  5 ironbound thunderhulks
  A formless jellyfish (Vaults:2)
  A deep elf demonologist (Vaults:5)
  2 vampire knights
  12 black draconians
  3 dire elephants
  10 yellow draconians
  4 white draconians
  5 red draconians
  14 spark wasps
  2 purple draconians
  A fire dragon (Depths:1)
  3 merfolk javelineers
  2 deep elf death magi (Vaults:5)
  14 ettins
  5 merfolk impalers (Shoals:4)
  8 yaktaur captains
  A green death (Abyss:3)
  Josephine (Lair:5)
  A deep elf high priest (Vaults:5)
  2 great orbs of eyes
  A rakshasa (Depths:2)
  A catoblepas (Lair:5)
  A caustic shrike simulacrum (Depths:3)
  6 hydras
  2 ogre magi
  A hell beast (D:11)
  3 peacekeepers
  23 vault guards
  Erica (D:10)
  A satyr (Shoals:4)
  2 spriggan air magi
  An ice dragon (Depths:4)
  A deep troll shaman (Depths:2)
  5 ironbound frosthearts
  10 anacondas
  9 naga warriors
  An alligator snapping turtle (Shoals:4)
  5 centaur warriors
  3 merfolk aquamancers (Shoals:4)
  2 boulder beetles
  6 two-headed ogres
  6 tengu warriors
  3 death yaks (Lair:4)
  A vampire mage (Vaults:3)
  2 spriggan berserkers
  6 shock serpents
  2 hell knights (Depths:3)
  8 naga sharpshooters
  A storm dragon zombie (Depths:3)
  A wretched star (Abyss:3)
  Amaemon (Lair:2)
  5 salamander mystics
  3 iron trolls
  A shadow wraith (Vaults:4)
  A spark wasp zombie (Depths:3)
  A skyshark (Shoals:2)
  32 deep trolls
  3 naga ritualists
  4 flayed ghosts
  A sea snake (shapeshifter) (Vaults:5)
  3 sea snakes
  A shadow demon (D:1)
  A kraken simulacrum (Shoals:4)
  A tengu zombie (Depths:3)
  9 orc knights
  5 wizards
  A golden dragon skeleton (Depths:3)
  A spriggan simulacrum (D:14)
  10 ironbound convokers
  5 lindwurms
  A deep elf archer (Shoals:1)
  4 phantasmal warriors
  13 harpies
  5 necromancers
  A sphinx zombie (Depths:3)
  8 deep elf pyromancers
  A shadow dragon zombie (Depths:1)
  A wolf spider (Lair:5)
  A faun (Shoals:3)
  2 orc sorcerers
  6 mana vipers
  A wolf spider (shapeshifter) (Vaults:5)
  6 manticores
  13 moths of wrath
  A frost giant zombie (Depths:2)
  24 ugly things
  15 salamanders
  2 merfolk sirens
  5 cyclopes
  An apocalypse crab (Abyss:3)
  5 elephants
  13 vault sentinels
  A fire giant skeleton (Depths:2)
  7 guardian serpents
  9 naga magi
  3 water nymphs
  31 black mambas
  5 orange demons
  2 smoke demons (Abyss:3)
  Maggie (D:6)
  A gargoyle (D:14)
  10 cane toads
  2 spriggan zombies
  A torpor snail (Lair:5)
  12 rime drakes
  24 yaktaurs
  2 efreet (Abyss:3)
  A freezing wraith (Vaults:4)
  10 komodo dragons
  3 tengu conjurers
  6 trolls
  A red devil (D:9)
  A silent spectre (Abyss:3)
  A meliai (D:15)
  A queen bee (D:10)
  10 merfolk
  18 polar bears
  2 hornets
  A raiju (Abyss:3)
  10 blink frogs
  Grinder (D:5)
  2 snapping turtles (Shoals:4)
  2 iron dragon simulacra
  2 dream sheep (Shoals:3)
  A slime creature (shapeshifter) (Vaults:5)
  A centaur simulacrum (D:15)
  A flying skull (Abyss:3)
  8 wraiths
  31 yaks
  A vampire (D:10)
  20 slime creatures
  An air elemental (Abyss:3)
  9 water elementals
  5 wyverns
  2 fire elementals (Volcano)
  16 humans (D:14)
  3 redbacks (Lair:5)
  5 starcursed masses
  2 fire bats (Abyss:3)
  A chaos spawn (Zot:5)
  2 minotaur simulacra (D:14)
  A steam dragon (D:5)
  A neqoxec (Abyss:2)
  4 vampire mosquitoes
  Menkaure (D:5)
  Edmund (D:5)
  3 large abominations (Abyss:3)
  9 wargs
  A harpy simulacrum (D:15)
  27 nagas
  16 water moccasins
  3 acid dragons
  2 floating eyes
  Duvessa (D:6)
  2 hell hounds (Volcano)
  4 ice beasts
  5 black bears
  A human skeleton (Vaults:4)
  A glowing shapeshifter skeleton (Vaults:4)
  29 orc warriors
  3 sky beasts
  An ettin simulacrum (Depths:1)
  2 alligator simulacra (D:14)
  9 boggarts
  2 wolves (Lair:4)
  6 ogres
  17 centaurs
  An elf simulacrum (Vaults:4)
  A phantom (D:5)
  3 kobold brigands
  Blork the orc (D:5)
  4 bullfrogs
  11 scorpions
  A glowing shapeshifter simulacrum (Depths:3)
  8 wights
  Dowan (D:6)
  27 killer bees
  An electric eel (Lair:3)
  A howler monkey (D:6)
  3 crimson imps (D:9)
  2 centaur zombies (Ossuary)
  2 jellies
  A gnoll bouda (D:6)
  2 human zombies (Ossuary)
  4 orc priests
  6 hounds
  An iguana (D:6)
  4 scorpion zombies (Ossuary)
  2 sleepcaps
  Natasha (thrice) (D:2)
  17 orc wizards
  3 mummies (Ossuary)
  7 gnolls
  10 adders
  2 shadow imps
  3 white imps (D:9)
  An ufetubus (D:4)
  A worm (D:2)
  6 dart slugs
  68 orcs
  5 endoplasms
  2 giant cockroaches (D:3)
  7 goblins
  6 hobgoblins
  6 jackals
  2 quokkas
  10 ball pythons
  6 bats
  4 frilled lizards
  A gnoll zombie (Ossuary)
  2 goblin zombies (Ossuary)
  3 hobgoblin zombies (Ossuary)
  17 kobolds
  3 kobold zombies (Ossuary)
  2 orc zombies (Ossuary)
  7 rats
  A tentacle (Shoals:4)
1364 creatures vanquished.

Vanquished Creatures (collateral kills)
  2 orbs of fire
  An ancient lich (Depths:3)
  6 Killer Klowns
  Frederick (Vaults:2)
  3 curse toes
  4 caustic shrikes (Depths:4)
  8 golden dragons
  An electric golem (Zot:2)
  Zenata (Vaults:4)
  5 tentacled monstrosities
  The ghost of Meic the Bludgeoner, an adept MiFi of Okawaru (Shoals:3)
  A Hell Sentinel (Zot:4)
  2 liches
  A titan (Vaults:5)
  3 quicksilver dragons
  12 Orb Guardians (Zot:5)
  4 sphinxes
  A tentacled starspawn (Abyss:3)
  4 death cobs
  A tengu reaver (Vaults:5)
  The ghost of Cufutal the Crack Shot, an adept MiHu of Okawaru (Shoals:3)
  10 storm dragons
  5 shadow dragons
  A draconian monk (Zot:4)
  A demonspawn warmonger (D:5)
  3 draconian knights
  3 fire giants
  4 nagarajas
  6 vault wardens
  A deep elf sorcerer (Vaults:5)
  Louise (Depths:1)
  The ghost of Zays the Fighter, an adept GrEE of Okawaru (Shoals:3)
  6 frost giants
  3 draconian scorchers
  2 draconian stormcallers (Zot:2)
  A ghost moth (Zot:3)
  3 draconian shifters
  2 draconian annihilators
  2 very ugly things
  An orc warlord (Vaults:1)
  A spriggan defender (Depths:3)
  3 war gargoyles
  A vampire knight (Depths:3)
  6 ironbound preservers
  An ironbound thunderhulk (Vaults:1)
  4 stone giants
  3 black draconians
  7 purple draconians
  10 dire elephants
  4 green draconians
  6 yellow draconians
  6 red draconians
  6 spark wasps
  4 white draconians
  6 ettins
  A quicksilver dragon zombie (Abyss:2)
  A crystal guardian (Vaults:4)
  A merfolk javelineer (Shoals:1)
  The ghost of bakla the Thaumaturge, a journeyman DsSh of Gozag (Lair:1)
  9 merfolk impalers
  3 great orbs of eyes
  3 fire dragons
  A spriggan zombie (Depths:2)
  11 vault guards
  5 salamander tyrants (Snake:4)
  3 yaktaur captains
  2 ogre magi (Vaults:5)
  A catoblepas (D:15)
  3 centaur warriors
  3 spriggan air magi
  5 merfolk avatars
  A boulder beetle (Lair:4)
  2 ironbound frosthearts
  4 alligator snapping turtles
  6 two-headed ogres
  A dancing weapon (Vaults:5)
  A death yak (Lair:4)
  2 tengu warriors (Depths:2)
  2 merfolk aquamancers (Shoals:4)
  4 deep troll earth magi
  3 deep troll shamans
  9 naga warriors
  5 naga sharpshooters
  Urug (Lair:5)
  A shock serpent (Snake:3)
  2 wretched stars
  A sixfirhy (Depths:1)
  2 hell knights (Depths:3)
  A soul eater (D:11)
  A deep elf knight (Shoals:1)
  2 skysharks
  A salamander mystic (Snake:4)
  2 skysharks (shapeshifter) (Vaults:5)
  4 iron trolls
  3 glowing orange brains
  19 deep trolls
  4 sea snakes
  A spatial maelstrom (Abyss:2)
  A golden dragon skeleton (Depths:2)
  3 wizards
  14 harpies
  4 phantasmal warriors
  2 naga ritualists
  A deep elf archer (Volcano)
  An orange crystal statue (IceCv)
  3 mana vipers
  A lindwurm (Vaults:4)
  6 necromancers
  7 ugly things
  A deep elf pyromancer (Volcano)
  4 ironbound convokers
  8 manticores
  An orc sorcerer (Orc:2)
  2 orc knights
  3 fauns (Shoals:1)
  A sphinx skeleton (Depths:3)
  2 cyclopes
  2 guardian serpents
  A tengu skeleton (Depths:3)
  3 salamanders
  11 moths of wrath
  3 elephants
  5 naga magi
  10 black mambas
  2 gargoyles
  4 merfolk sirens
  8 vault sentinels
  5 water nymphs
  A smoke demon (Abyss:3)
  A water nymph (shapeshifter) (Depths:3)
  An unseen horror (D:12)
  7 cane toads
  4 rime drakes
  Psyche (D:11)
  15 yaktaurs
  An efreet (Abyss:3)
  3 tengu conjurers
  An ancient zyme (Abyss:3)
  A komodo dragon (Lair:5)
  16 merfolk
  3 freezing wraiths
  2 meliai (D:15)
  2 polar bears (IceCv)
  3 hornets
  3 trolls
  3 wind drakes (Shoals:4)
  5 blink frogs
  A dream sheep (Shoals:3)
  6 snapping turtles
  3 large abominations
  2 flying skulls (Abyss:3)
  7 slime creatures
  A spriggan (Depths:3)
  A wyvern (Lair:3)
  A shadow (D:10)
  14 water elementals
  17 yaks
  2 ynoxinuls
  3 humans (D:14)
  A basilisk (Lair:3)
  2 starcursed masses (Abyss:2)
  3 hogs (Shoals:3)
  A steam dragon (D:7)
  2 chaos spawn
  A redback (Lair:5)
  9 vampire mosquitoes
  A harpy simulacrum (D:14)
  A minotaur simulacrum (D:14)
  A warg (Orc:2)
  17 nagas
  2 spatial vortices (Abyss:2)
  11 water moccasins
  A glowing shapeshifter skeleton (Depths:2)
  A hell hound (Volcano)
  A floating eye (shapeshifter) (Depths:4)
  14 orc warriors
  A sky beast (D:7)
  A black bear (Lair:2)
  3 small abominations
  4 boggarts (Vaults:4)
  3 centaurs (D:14)
  2 wolves (Lair:4)
  A deep troll simulacrum (D:14)
  A gnoll sergeant (D:11)
  4 wights
  6 killer bees
  A human simulacrum (Vaults:4)
  2 electric eels (Lair:3)
  2 crimson imps (D:9)
  An orc priest (D:7)
  An iron imp (Abyss:3)
  A sleepcap (D:7)
  An iguana (D:6)
  2 orc wizards (Orc:2)
  2 gnolls (D:11)
  An ufetubus (Abyss:3)
  31 orcs
  3 kobolds
  2 butterflies (Lair:5)
  A lurking horror (Abyss:3)
721 creatures vanquished.

Vanquished Creatures (others)
  A draconian scorcher (Zot:2)
  A green draconian (Zot:5)
  A black draconian (Zot:1)
  An ironbound thunderhulk (Vaults:4)
  A yellow draconian (Zot:1)
  A merfolk impaler (Depths:3)
  An ironbound frostheart (Vaults:4)
  A moth of wrath (Zot:2)
  A naga mage (Snake:1)
  A neqoxec (Abyss:3)
  48 battlemagi
  An orc wizard (Orc:2)
  6 starspawn tentacles
  2 tentacles (Shoals:4)
67 creatures vanquished.

Grand Total: 2152 creatures vanquished

Notes
Turn   | Place    | Note
-------+----------+-------------------------------------------
     0 | D:1      | Shard1697 the Human Fighter began the quest for the Orb.
     0 | D:1      | Reached XP level 1. HP: 18/18 MP: 1/1
    66 | D:1      | Reached XP level 2. HP: 21/24 MP: 2/2
   383 | D:1      | Reached XP level 3. HP: 27/29 MP: 3/3
   850 | D:2      | Noticed Natasha
   867 | D:2      | Killed Natasha
   868 | D:2      | Reached XP level 4. HP: 20/35 MP: 4/4
   985 | D:2      | Noticed Natasha
  1001 | D:2      | Killed Natasha
  1217 | D:2      | Reached XP level 5. HP: 41/41 MP: 5/5
  1552 | D:2      | Noticed Natasha
  1561 | D:2      | Killed Natasha
  1562 | D:2      | Reached skill level 5 in Maces & Flails
  2695 | D:3      | Identified the +3 mace of Sethynat {freeze, rPois rN+ Will-
                  | Dex+3}
  2724 | D:3      | Reached XP level 6. HP: 47/47 MP: 6/6
  3186 | D:4      | Found a glowing silver altar of Zin.
  3965 | D:5      | Entered Level 5 of the Dungeon
  4008 | D:5      | Noticed Menkaure
  4028 | D:5      | Killed Menkaure
  4029 | D:5      | Reached XP level 7. HP: 51/52 MP: 7/7
  4052 | D:5      | Found a broken altar of Ashenzari.
  4136 | D:5      | Found an ancient bone altar of Kikubaaqudgha.
  4182 | D:5      | Noticed Blork the orc
  4202 | D:5      | Killed Blork the orc
  4314 | D:5      | Noticed a hornet
  4322 | D:5      | Gained mutation: Your muscles are strong. (Str +4, Int/Dex
                  | -1) [potion of mutation]
  4329 | D:5      | Killed a hornet
  4330 | D:5      | Reached XP level 8. HP: 30/61 MP: 8/8
  4644 | D:5      | Noticed Edmund
  4660 | D:5      | Killed Edmund
  4661 | D:5      | Reached skill level 5 in Fighting
  4722 | D:5      | Found Coathay's Distillery.
  4769 | D:5      | Bought 2 potions of curing for 84 gold pieces
  4769 | D:5      | Bought a potion of invisibility for 112 gold pieces
  4769 | D:5      | Bought a potion of mutation for 112 gold pieces
  4829 | D:5      | Found Xivai's Weapon Shoppe.
  4885 | D:5      | Found Letzes Gietz's Antique Armour Boutique.
  5099 | D:5      | Found Luvykhef's Jewellery Emporium.
  5247 | D:5      | Found a hazy altar of Hepliaklqana.
  5278 | D:5      | Became a worshipper of Hepliaklqana the Forgotten
  5304 | D:6      | Identified 2 scrolls of acquirement
  5304 | D:6      | Acquired the amulet of Piyc {rPois Regen+ Int+2}
  5316 | D:6      | Acquired 1251 gold pieces
  5329 | D:5      | Bought a potion of mutation for 112 gold pieces
  5329 | D:5      | Bought a potion of haste for 140 gold pieces
  5343 | D:6      | Noticed Grinder
  5389 | D:5      | Killed Grinder
  5398 | D:5      | Reached XP level 9. HP: 38/70 MP: 9/9
  5405 | D:6      | Found a sand-covered staircase.
  5417 | Ossuary  | Entered an ossuary
  5565 | Ossuary  | Reached skill level 10 in Maces & Flails
  5776 | D:6      | Noticed Duvessa
  5776 | D:6      | Noticed Dowan
  5804 | D:6      | Killed Duvessa
  5818 | D:6      | Killed Dowan
  5905 | D:6      | Reached XP level 10. HP: 68/82 MP: 10/10
  6066 | D:6      | Reached * piety under Hepliaklqana
  6092 | D:6      | Identified the +0 pair of gloves "Zuecs" {rPois Stlth+}
  6136 | D:6      | Noticed Maggie
  6151 | D:6      | Killed Maggie
  6187 | D:6      | Noticed a kobold demonologist
  6189 | D:6      | Found a runed translucent gate.
  6190 | D:6      | Found a runed translucent gate.
  6191 | D:6      | Found a runed translucent gate.
  6193 | D:6      | Noticed hashsling's ghost (novice GrFi)
  6820 | D:7      | Found a white marble altar of Elyvilon.
  7015 | D:7      | Reached ** piety under Hepliaklqana
  7016 | D:7      | Remembered your ancestor Leapfrog as a battlemage
  7038 | D:7      | Reached skill level 10 in Fighting
  7454 | D:7      | Found a staircase to the Ecumenical Temple.
  7789 | D:8      | Found a hide-covered altar of Uskayaw.
  7796 | D:8      | Found a shimmering blue altar of Sif Muna.
  7796 | D:8      | Found a bloodstained altar of Trog.
  7896 | D:8      | Reached XP level 11. HP: 77/82 MP: 11/11
  8538 | D:9      | Noticed a two-headed ogre
  8544 | D:9      | Killed a two-headed ogre
  8548 | D:9      | Reached *** piety under Hepliaklqana
  8972 | D:9      | Found a blossoming altar of Fedhas.
  9198 | D:9      | Identified the +11 lajatang "Onotawuh" {antimagic, rF+ rC+
                  | rN+ Dex+2}
  9250 | D:10     | Entered Level 10 of the Dungeon
  9263 | D:10     | Reached skill level 1 in Staves
  9263 | D:10     | Reached skill level 5 in Armour
  9347 | D:10     | Noticed Erolcha
  9445 | D:10     | Noticed a manticore
  9458 | D:10     | Killed a manticore
  9519 | D:10     | Found a burning altar of Makhleb.
  9523 | D:10     | Noticed Erica
  9530 | D:10     | Killed Erica
  9531 | D:10     | Reached XP level 12. HP: 70/90 MP: 4/12
  9769 | D:10     | Reached skill level 5 in Staves
  9816 | D:10     | Found a staircase to the Lair.
 10040 | D:11     | Noticed Psyche
 10044 | D:11     | Killed Psyche
 10400 | D:11     | Reached **** piety under Hepliaklqana
 10764 | D:12     | Noticed Jorgrun
 10776 | D:12     | Killed Jorgrun
 10931 | D:12     | Found a staircase to the Orcish Mines.
 10937 | D:12     | Reached XP level 13. HP: 85/95 MP: 4/13
 11109 | D:12     | Found Xyckyrio's Distillery.
 11206 | D:12     | Reached skill level 10 in Armour
 11406 | Orc:1    | Entered Level 1 of the Orcish Mines
 11421 | Orc:1    | Reached skill level 1 in Dodging
 11576 | Orc:2    | Entered Level 2 of the Orcish Mines
 11629 | Orc:2    | Reached skill level 1 in Invocations
 12325 | Orc:2    | Noticed an orc warlord
 12349 | Orc:2    | Killed an orc warlord
 12353 | Orc:2    | Reached skill level 10 in Staves
 12412 | Orc:2    | Reached skill level 5 in Dodging
 12483 | Orc:2    | Found a staircase to the Elven Halls.
 12653 | Orc:2    | Found Ickuejulergh's Jewellery Boutique.
 12682 | Orc:2    | Found Aneifimo's Assorted Antiques.
 12705 | Orc:2    | Bought a scroll of fear for 120 gold pieces
 12774 | Orc:2    | Reached ***** piety under Hepliaklqana
 12903 | Orc:2    | Found Dagi's Assorted Antiques.
 12903 | Orc:2    | Found Imuych's Jewellery Shoppe.
 12917 | Orc:2    | Bought a +5 ring of evasion for 504 gold pieces
 12928 | Orc:2    | Bought an ichor-stained scale mail for 261 gold pieces
 12928 | Orc:2    | Identified the +6 scale mail of the Nightingale {Will++
                  | Str+3 Dex+3} (You bought it in a shop on level 2 of the
                  | Orcish Mines)
 12978 | Orc:2    | Found Zaomidirphoy's Assorted Antiques.
 12987 | Orc:2    | Bought a lightning rod (4/4) for 840 gold pieces
 12987 | Orc:2    | Bought 2 scrolls of teleportation for 168 gold pieces
 13191 | Lair:1   | Entered Level 1 of the Lair of Beasts
 13267 | Lair:1   | Reached XP level 14. HP: 101/101 MP: 5/17
 13394 | Lair:1   | Found a runed translucent gate.
 13394 | Lair:1   | Found a runed translucent gate.
 13394 | Lair:1   | Found a runed translucent gate.
 13394 | Lair:1   | Noticed bakla's ghost (journeyman DsSh)
 13410 | Lair:1   | Killed bakla's ghost
 13953 | Lair:2   | Found a staircase to the Snake Pit.
 13966 | Lair:2   | Noticed Amaemon
 13998 | Lair:2   | Reached skill level 5 in Invocations
 14009 | Lair:2   | Killed Amaemon
 14566 | Lair:2   | Learned a level 3 spell: Vhi's Electric Charge
 14803 | Lair:3   | Found a one-way gate to the infinite horrors of the Abyss.
 15225 | Lair:3   | Found a staircase to the Shoals.
 15285 | Lair:3   | Found a transporter.
 15287 | Lair:3   | Noticed a cacodemon
 15887 | Lair:4   | Reached XP level 15. HP: 106/106 MP: 6/21
 16475 | Lair:5   | Entered Level 5 of the Lair of Beasts
 16516 | Lair:5   | Noticed Urug
 16520 | Lair:5   | Reached skill level 10 in Dodging
 16535 | Lair:5   | Killed Urug
 16601 | Lair:5   | Noticed Josephine
 16613 | Lair:5   | Killed Josephine
 16620 | Lair:5   | Reached skill level 10 in Invocations
 16832 | Lair:5   | Reached ****** piety under Hepliaklqana
 16841 | Lair:5   | Found a dark tunnel.
 16870 | Volcano  | Entered a volcano
 16905 | Volcano  | Reached skill level 1 in Evocations
 17090 | Lair:5   | Found a viscous altar of Jiyva.
 17090 | Lair:5   | Found a staircase to the Slime Pits.
 17599 | Lair:5   | Reached XP level 16. HP: 114/114 MP: 8/24
 18409 | D:14     | Found a frozen archway.
 18461 | IceCv    | Entered an ice cave
 18584 | IceCv    | Reached skill level 5 in Evocations
 18707 | IceCv    | Noticed a frost giant
 18708 | IceCv    | Noticed a frost giant
 18731 | IceCv    | Killed a frost giant
 18739 | IceCv    | Killed a frost giant
 18795 | IceCv    | Got the Papyrus of the Glacier
 18964 | D:14     | Found a gate to the Vaults.
 19163 | D:14     | Reached XP level 17. HP: 121/121 MP: 8/25
 19450 | D:15     | Entered Level 15 of the Dungeon
 20120 | D:15     | Found a staircase to the Depths.
 20261 | D:15     | Found a portal to a secret trove of treasure.
 20620 | Snake:1  | Entered Level 1 of the Snake Pit
 20675 | Snake:1  | Found a transporter.
 20675 | Snake:1  | Noticed cforsyth's ghost (adept GnAr)
 20678 | Snake:1  | Found a transporter.
 20724 | Snake:1  | Learned a level 2 spell: Blink
 20818 | Snake:1  | Reached skill level 1 in Translocations
 20911 | Snake:1  | Found Lusoubb's Book Shoppe.
 20912 | Snake:1  | Found Yziph's Jewellery Boutique.
 20913 | Snake:1  | Found Rotiy's Book Shoppe.
 20945 | Snake:1  | Found a glowing golden altar of the Shining One.
 21082 | Snake:1  | Reached skill level 5 in Translocations
 21124 | Snake:1  | Found Keont's One-of-a-Kind Rings.
 22300 | Snake:2  | Reached skill level 1 in Air Magic
 22506 | Snake:3  | Reached XP level 18. HP: 104/128 MP: 8/26
 22582 | Snake:3  | Reached skill level 5 in Air Magic
 23343 | Snake:4  | Entered Level 4 of the Snake Pit
 23578 | Snake:4  | Found Suuma's Distillery.
 23587 | Snake:4  | Bought a potion of heal wounds for 95 gold pieces
 23587 | Snake:4  | Bought a potion of heal wounds for 95 gold pieces
 23587 | Snake:4  | Bought a potion of invisibility for 152 gold pieces
 23724 | Snake:4  | Reached skill level 10 in Translocations
 24165 | Snake:4  | Identified the +6 ice dragon scales of the Untouchables
                  | {rF- rC++ Regen+ Dex-2 Slay+3}
 24333 | Snake:4  | Reached XP level 19. HP: 88/135 MP: 4/27
 24513 | Snake:4  | Reached skill level 1 in Stealth
 24731 | Snake:4  | Got a serpentine rune of Zot
 24936 | Shoals:1 | Entered Level 1 of the Shoals
 24966 | Shoals:1 | Identified the +7 dire flail of Mosuhi {antimagic, Str+3}
 25461 | Shoals:2 | Found Cotwefen's Antique Armour Boutique.
 25582 | Shoals:2 | Found Pubogah's Specific Store.
 25592 | Shoals:2 | Found Zodghenir's General Store.
 25600 | Shoals:2 | Bought a wand of paralysis (7) for 235 gold pieces
 25739 | Shoals:2 | Found Vetaem's Jewellery Emporium.
 26016 | Shoals:3 | Noticed Kirke
 26026 | Shoals:3 | Killed Kirke
 26061 | Shoals:3 | Found a runed translucent gate.
 26369 | Shoals:3 | Found a runed translucent gate.
 26369 | Shoals:3 | Found a runed translucent gate.
 26373 | Shoals:3 | Noticed Meic's ghost (adept MiFi)
 26373 | Shoals:3 | Noticed Mungiw's ghost (adept MiBe)
 26373 | Shoals:3 | Noticed Zyonedgh's ghost (adept DsMo)
 26373 | Shoals:3 | Noticed Zays's ghost (adept GrEE)
 26373 | Shoals:3 | Noticed Cufutal's ghost (adept MiHu)
 26383 | Shoals:3 | Killed Zyonedgh's ghost
 26389 | Shoals:3 | Killed Zays's ghost
 26390 | Shoals:3 | Reached skill level 5 in Stealth
 26395 | Shoals:3 | Killed Meic's ghost
 26404 | Shoals:3 | Killed Mungiw's ghost
 26422 | Shoals:3 | Killed Cufutal's ghost
 26440 | Shoals:3 | Identified the amulet of the Lizard {Reflect Str+5 SH+5}
 26507 | Shoals:3 | Reached XP level 20. HP: 144/144 MP: 9/28
 26585 | Shoals:3 | Found Inkagih's Antique Armour Boutique.
 26607 | Shoals:3 | Bought a pair of runed gloves for 240 gold pieces
 26714 | Shoals:4 | Entered Level 4 of the Shoals
 26714 | Shoals:4 | Found a transporter.
 26714 | Shoals:4 | Found a transporter.
 26714 | Shoals:4 | Found a transporter.
 26730 | Shoals:4 | Found a transporter.
 26891 | Shoals:4 | Got a barnacled rune of Zot
 26915 | Shoals:4 | Identified the ring "Nidudo" {Int+3 Dex+6}
 27053 | Shoals:4 | Reached skill level 15 in Staves
 27406 | Shoals:4 | Found a transporter.
 27410 | Shoals:4 | Found a transporter.
 28019 | Vaults:1 | Entered Level 1 of the Vaults
 29347 | Vaults:2 | You fall into a shaft and drop 1 floor!
 29359 | Abyss:2  | Found a corrupted altar of Lugonu.
 29359 | Abyss:2  | Cast into level 2 of the Abyss (a wizard)
 29412 | Vaults:2 | Escaped the Abyss
 29450 | Vaults:2 | Reached XP level 21. HP: 141/150 MP: 9/31
 29646 | Abyss:2  | Cast into level 2 of the Abyss (a wizard)
 29673 | Abyss:2  | Found a corrupted altar of Lugonu.
 29676 | Abyss:2  | Found a corrupted altar of Lugonu.
 29676 | Abyss:2  | Found a corrupted altar of Lugonu.
 29679 | Abyss:2  | Found a corrupted altar of Lugonu.
 29717 | Abyss:2  | Found a corrupted altar of Lugonu.
 29838 | Abyss:3  | Paralysed by an air elemental for 1 turns
 29901 | Abyss:3  | Reached skill level 15 in Dodging
 29959 | Abyss:3  | Reached skill level 15 in Fighting
 30110 | Abyss:3  | Found a corrupted altar of Lugonu.
 30252 | Abyss:3  | Got an abyssal rune of Zot
 30261 | Vaults:2 | Escaped the Abyss
 30464 | Vaults:2 | Found Rontopel's Armour Shop.
 30574 | Vaults:2 | Noticed Frederick
 30579 | Vaults:2 | Killed Frederick
 31244 | Vaults:3 | Found Vuun Cae's Weapon Shop.
 31579 | Vaults:3 | Reached XP level 22. HP: 108/160 MP: 10/32
 31835 | Vaults:3 | Found a staircase to the Crypt.
 32646 | Vaults:4 | Identified the +5 arbalest of the Median {speed, rC+ Str+3
                  | Int-3 SInv}
 32689 | Vaults:4 | Noticed Zenata
 32698 | Vaults:4 | Killed Zenata
 32901 | Vaults:4 | Noticed Mennas
 32949 | Vaults:4 | Killed Mennas
 33923 | Vaults:5 | Entered Level 5 of the Vaults
 34009 | Vaults:4 | Reached XP level 23. HP: 125/169 MP: 11/33
 34598 | Vaults:5 | Identified the ring of Xayb {*Corrode rN+ Will+ Int+6}
 34866 | Vaults:5 | Noticed an ancient lich
 34867 | Vaults:5 | Noticed an ancient lich
 34869 | Vaults:5 | Noticed a golden dragon
 34871 | Vaults:5 | Noticed a golden dragon
 35119 | Vaults:5 | Identified the amulet "Wys Teits" {Acrobat Int+4 Dex-2
                  | Stlth+}
 35119 | Vaults:5 | Noticed Jory
 35129 | Vaults:5 | Paralysed by a sphinx for 4 turns
 35146 | Vaults:4 | Killed Jory
 35509 | Vaults:5 | Reached XP level 24. HP: 140/180 MP: 3/33
 35517 | Vaults:5 | Noticed Saint Roka
 35526 | Vaults:5 | Got a silver rune of Zot
 35643 | Vaults:5 | Killed Saint Roka
 35794 | Vaults:5 | Killed a golden dragon
 35890 | Vaults:5 | Found Sipofuxo's Magic Scroll Shop.
 35908 | Vaults:5 | Killed a golden dragon
 35921 | Vaults:5 | Bought a scroll of revelation for 157 gold pieces
 36249 | Vaults:5 | Acquired a book of Spatial Translocations
 36256 | Vaults:5 | Learned a level 4 spell: Manifold Assault
 36259 | Vaults:5 | Learned a level 2 spell: Lesser Beckoning
 36261 | Vaults:5 | Learned a level 1 spell: Apportation
 36409 | Vaults:5 | Killed an ancient lich
 36645 | Depths:1 | Entered Level 1 of the Depths
 36651 | Depths:1 | Identified the +0 tower shield of Itail {Int+3}
 36651 | Depths:1 | Noticed Louise
 36660 | Depths:1 | Killed Louise
 36752 | Depths:1 | Found a runed translucent gate.
 36752 | Depths:1 | Found a runed translucent gate.
 36752 | Depths:1 | Found a runed translucent gate.
 36796 | Depths:1 | Found a gateway to Hell.
 36986 | Depths:1 | Found Hiqudaog's Assorted Antiques.
 37008 | Depths:1 | Bought a scroll of blinking for 225 gold pieces
 37593 | Depths:2 | Found Coclao's Magic Scroll Shoppe.
 37597 | Depths:2 | Found Uhoangoc's Book Emporium.
 37598 | Depths:2 | Found Apagg's Antique Armour Shoppe.
 37601 | Depths:2 | Bought a scroll of acquirement for 728 gold pieces
 37601 | Depths:2 | Acquired the ring of Amicerye {rCorr AC+4 Stlth+}
 37615 | Depths:2 | Bought a pair of embroidered gloves for 225 gold pieces
 37642 | Depths:2 | Found a one-way gate leading to the halls of Pandemonium.
 38660 | Depths:3 | Identified the +11 lajatang of Makhleb's Generosity
                  | {freeze, rCorr MP+9 Str-5 Dex+4}
 38685 | Depths:3 | Identified the +0 robe of Hubris {Slay+6}
 38784 | Depths:3 | Reached XP level 25. HP: 187/187 MP: 11/33
 39269 | Depths:3 | Learned a level 6 spell: Dispersal
 39274 | Depths:3 | Learned a level 4 spell: Passage of Golubria
 39299 | Depths:3 | Reached skill level 15 in Invocations
 39341 | Depths:3 | Noticed an ancient lich
 39353 | Depths:3 | Killed an ancient lich
 39383 | Depths:3 | Identified the +6 great sword of the Chewing Gods {heavy,
                  | Will++ Stlth-}
 39453 | Depths:3 | Identified the +4 spear of Indomitability {freeze, +Blink
                  | rElec Str-4 SInv}
 39530 | Depths:3 | Found an iron altar of Okawaru.
 39975 | Depths:4 | Entered Level 4 of the Depths
 40258 | Depths:4 | Noticed a caustic shrike
 40258 | Depths:4 | Noticed a caustic shrike
 40259 | Depths:4 | Noticed a caustic shrike
 40267 | Depths:4 | Killed a caustic shrike
 40275 | Depths:4 | Killed a caustic shrike
 40281 | Depths:4 | Killed a caustic shrike
 40423 | Depths:4 | Identified the +3 ring mail of the Pure Xalams {rN+ Will+++
                  | Int+3 Dex-4}
 40818 | D:15     | You paid a toll of 8 scrolls of fog to enter a treasure
                  | trove
 40819 | Trove    | Entered a treasure trove
 40824 | Trove    | Found the +8 frozen axe "Frostbite" {freeze, freezing
                  | cloud, *Noise Fly rC+}
 40826 | Trove    | Identified the +6 lajatang of Ydeduratz {chaos, Int+6
                  | Stlth+}
 40835 | Trove    | Identified the amulet of Yskijahy {Contam rC+ Regen+ Str+2}
 40839 | Trove    | Identified the +6 chain mail of Uskayaw's Generosity
                  | {Slay+2}
 40840 | Trove    | Identified the +2 cloak of Activism {Int+3}
 41125 | Depths:4 | Found a one-way gateway to a ziggurat.
 41290 | Depths:4 | Reached skill level 15 in Armour
 41359 | Depths:4 | Found a gate to the Realm of Zot.
 41420 | Depths:4 | Acquired 790 gold pieces
 41422 | Depths:4 | Acquired 989 gold pieces
 41424 | Depths:4 | Acquired a manual of Evocations
 41533 | Depths:4 | Noticed a caustic shrike
 41533 | Depths:4 | Noticed a caustic shrike
 41533 | Depths:4 | Noticed a caustic shrike
 41538 | Depths:4 | Killed a caustic shrike
 41546 | Depths:4 | Killed a caustic shrike
 41555 | Depths:4 | Killed a caustic shrike
 41891 | Zot:1    | Entered Level 1 of the Realm of Zot
 41904 | Zot:1    | Reached skill level 10 in Evocations
 41904 | Zot:1    | Reached XP level 26. HP: 194/194 MP: 11/35
 41996 | Zot:1    | Noticed an orb of fire
 42009 | Zot:1    | Gained mutation: You have large cloven feet. [an orb of
                  | fire]
 42014 | Zot:1    | Killed an orb of fire
 42492 | Zot:1    | You fall into a shaft and drop 1 floor!
 42578 | Zot:2    | Noticed a curse toe
 42588 | Zot:2    | Killed a curse toe
 43658 | Zot:2    | Noticed a curse toe
 43667 | Zot:2    | Killed a curse toe
 44596 | Zot:3    | Noticed a dread lich
 44596 | Zot:3    | Noticed a Killer Klown
 44644 | Zot:3    | Noticed a curse toe
 44644 | Zot:3    | Noticed a Killer Klown
 44649 | Zot:2    | Killed a dread lich
 44690 | Zot:2    | Killed a curse toe
 44699 | Zot:2    | Reached XP level 27. HP: 188/199 MP: 12/36
 44724 | Zot:2    | Killed a Killer Klown
 44780 | Zot:3    | Killed a Killer Klown
 45065 | Zot:3    | Reached skill level 15 in Evocations
 46601 | Zot:5    | Entered Level 5 of the Realm of Zot
 46914 | Zot:5    | Noticed a Killer Klown
 46956 | Zot:5    | Killed a Killer Klown
 47235 | Zot:5    | Noticed a dread lich
 47237 | Zot:5    | Noticed a dread lich
 47351 | Zot:5    | Killed a dread lich
 47489 | Zot:5    | Noticed a Killer Klown
 47496 | Zot:5    | Killed a Killer Klown
 47500 | Zot:5    | Noticed a dread lich
 47504 | Zot:5    | Noticed an orb of fire
 47507 | Zot:5    | Noticed a Killer Klown
 47520 | Zot:5    | Killed a Killer Klown
 47522 | Zot:5    | Killed an orb of fire
 47543 | Zot:5    | Killed a dread lich
 47656 | Zot:5    | Noticed a Killer Klown
 47661 | Zot:5    | Noticed a dread lich
 47661 | Zot:5    | Noticed a Killer Klown
 47665 | Zot:5    | Noticed an orb of fire
 47666 | Zot:5    | Noticed an ancient lich
 47669 | Zot:5    | Noticed a dread lich
 47671 | Zot:5    | Killed a Killer Klown
 47674 | Zot:5    | Gained mutation: You sometimes lose your temper in combat.
                  | [an orb of fire]
 47678 | Zot:5    | Killed an orb of fire
 47684 | Zot:5    | Killed a dread lich
 47686 | Zot:5    | Paralysed by a dread lich for 2 turns
 47817 | Zot:4    | Lost mutation: You sometimes lose your temper in combat.
                  | [potion of mutation]
 47817 | Zot:4    | Lost mutation: You have large cloven feet. [potion of
                  | mutation]
 47817 | Zot:4    | Gained mutation: Potions are less effective at restoring
                  | your health. [potion of mutation]
 47817 | Zot:4    | Gained mutation: You are frail. (-10% HP) [potion of
                  | mutation]
 47817 | Zot:4    | Gained mutation: Your mind is acute. (Int +4, Str/Dex -1)
                  | [potion of mutation]
 47818 | Zot:4    | Lost mutation: Potions are less effective at restoring your
                  | health. [potion of mutation]
 47818 | Zot:4    | Lost mutation: You are frail. (-10% HP) [potion of
                  | mutation]
 47818 | Zot:4    | Gained mutation: You are partially covered in iridescent
                  | scales. (AC +2) [potion of mutation]
 47919 | Zot:5    | Killed a Killer Klown
 47993 | Zot:5    | Got the Orb of Zot
 48158 | Zot:4    | Noticed Oxuahuan the pandemonium lord
 48298 | Depths:1 | Gained mutation: You have hidden genetic defects. [a
                  | cacodemon]
 48508 | D:8      | Noticed Hoawnuy the pandemonium lord
 48723 | D:$      | Escaped with the Orb!

Illustrated notes

Levels and vault maps discovered:
D:1:      psy_arrival_heroes, layout_basic, roderic_serpentine_path
D:2:      layout_basic, chequers_serial_rivers_small_b,
          chequers_serial_rivers_room_b, minmay_misc_feat_pillars, uniq_natasha
D:3:      layout_basic
D:4:      layout_basic, mainiacjoe_overflow_small_starburst
D:5:      layout_loops_ring, nzn_hepliaklqana_mist_gate, lemuel_doored_altar,
          nicolae_ashenzari_skybound, serial_shops, nicolae_shop_hallway_stairs,
          nicolae_lakefront_shop, nicolae_diamond_shop, nicolae_shop_stone,
          uniq_edmund, uniq_blork_the_orc, uniq_menkaure
D:6:      layout_basic, gammafunk_ghost_split,
          lightli_ossuary_entry_decrepit_ruins, uniq_grinder, uniq_maggie,
          uniq_duvessa
D:7:      layout_loops_corners, mainiacjoe_overflow_brackets, temple_hall
D:8:      layout_basic, grunt_temple_overflow_open,
          nicolae_concentric_dashed_squares_wild
D:9:      layout_long_grid, fedhas_bush_and_centaur_altar, minmay_nine_imps
D:10:     layout_roguey [special_room_bee], nicolae_overflow_crystal_walls,
          lair_entry_dummy, uniq_erolcha, uniq_erica
D:11:     layout_gridville, uniq_psyche
D:12:     layout_rooms, david_orc_5, serial_shops, shop, uniq_jorgrun
D:13:     layout_cave_pools
D:14:     layout_loops_cross, grunt_vaults_entry_tiered, hangedman_glass_teeth,
          portal_ice_cave_entry_ice_simulacra
D:15:     grunt_enter_depths_snipers, layout_layer_cave,
          hangedman_decor_slide_cut, nicolae_trove_entry_crossroad,
          nrook_campfire
Lair:1:   layout_roguey, ebering_ghost_rock_garden
Lair:2:   beast_lair_carwin_large_2, layout_regular_city,
          guppyfry_snake_entry_island, uniq_amaemon
Lair:3:   layout_chaotic_city, minmay_shoals_entry_hut,
          gammafunk_ghost_abyssal_escape, serial_bayou_lake_a
Lair:4:   layout_cave_pods, nzn_sisyphean_effort
Lair:5:   hangedman_lair_tendril_chambers, layout_regular_city, slime_entry_1,
          enter_volcano_2, minmay_lair_drake_nest, infiniplex_staircase_pool_2,
          lemuel_fruit_fields, uniq_urug, uniq_josephine
Shoals:1: nicolae_shoals_deep_elves_summer_vacation, layout_shoals,
          nicolae_shoals_flooded_hall
Shoals:2: layout_shoals, serial_shops, shop, nicolae_shop_stone,
          nicolae_specific_store
Shoals:3: layout_shoals, serial_shops, nicolae_shop_waterfront,
          gammafunk_ghost_cemetery, uniq_kirke
Shoals:4: shoals_end_grunt_ice, layout_shoals, serial_nicolae_subway,
          nicolae_sub_station_crystal, nicolae_sub_station_metal,
          nicolae_sub_station_stone
Snake:1:  layout_gridlike, gammafunk_ghost_arena, basic_altar,
          nicolae_shop_unique_rings, minmay_shop_grove
Snake:2:  layout_cave_pods
Snake:3:  layout_layer_cave, hangedman_snake_corridor_cut
Snake:4:  grunt_snake_rune_spirals, layout_onion, serial_shops, shop,
          grunt_ministairs_3
Orc:1:    layout_diamond_mine
Orc:2:    st_orc_town, layout_caves, serial_shops, nicolae_lakefront_shop,
          mines2_lemuel
Vaults:1: hangedman_vaults_stitches, nicolae_vaults_more_shelving_1, v_misc_8,
          nicolae_vaults_apartment_2, nicolae_vaults_wrenched, st_smaller_cells,
          vaults_room_hallway, hangedman_vaults_pinch, grunt_vaults_swirl,
          v_alt_pattern_6, nicolae_vaults_diamond_2, nicolae_vaults_house_1,
          v_misc_16, grunt_vaults_diagonal, layout_vaults_big_room
Vaults:2: nicolae_vaults_apartment_2, vaults_room_pools, v_alt_pattern_6,
          v_alt_pattern_4, hangedman_vaults_trim, layout_vaults_omnigrid,
          serial_shops, shop, uniq_frederick
Vaults:3: v_misc_10, minmay_crypt_entry_simple_walls,
          nicolae_vaults_lightning_bolt, v_misc_10, vaults_room_door_hall,
          vaults_standard_mumra_lines, v_misc_30,
          nicolae_vaults_taking_the_gang_shopping, v_misc_22,
          vaults_room_door_ring, layout_vaults_omnicross
Vaults:4: nicolae_vaults_layer_cake_slice, hangedman_vaults_trim,
          nicolae_vaults_spaceships, nicolae_vaults_theta,
          nicolae_vaults_puzzle_piece, v_rooms_2, dpeg_vaults_monster_box,
          v_misc_2, nicolae_vaults_little_squares_4, vaults_dpeg_doors,
          nicolae_vaults_little_guard_posts, layout_vaults_maze, uniq_mennas,
          uniq_zenata, uniq_margery
Vaults:5: serial_shops, uniq_jory, uniq_saint_roka
Depths:1: kennysheep_spiral_hall, layout_cave_pools, hell_entry, serial_shops,
          nicolae_shop_window_shopping, nicolae_abyss_entry_one_way_or_another,
          minivault_16, pandoras_box_mu
Depths:2: wad_lake_hut, layout_basic, hell_entry, abyss_entry,
          rand_demon_pan_entry_8, minmay_crystal_room, st_stairs_14,
          minmay_staircase_windowed_large, minmay_shop_star,
          serial_bayou_shore_b, uniq_josephina
Depths:3: minmay_broken_ring, layout_basic, hell_entry, minmay_door_square,
          abyss_entry_crystal, pan_entry, lemuel_statue_altar,
          minmay_staircase_windowed_small
Depths:4: grunt_twist_and_shout, layout_basic, enter_ziggurat_d,
          serial_sigils_hangedman_gut, hell_entry
Zot:1:    layout_gridlike
Zot:2:    nicolae_moth_party, layout_misc_corridors
Zot:3:    ebering_klown_carousel, layout_misc_corridors, grunt_ministairs_2
Zot:4:    layout_gridlike, grunt_megastairs_1
Zot:5:    layout_basic

Skill      XL: |  1  2  3  4  5  6  7  8  9 10 11 12 13 14 15 16 17 18 19 20 21 22 23 24 25 26 27 |
---------------+----------------------------------------------------------------------------------+-----
Maces & Flails | 3 4 5 7 8 9 10 12 13 | 13.2
Fighting       | 4 6 8 10 11 12 13 14 16 17 18 19 | 19.5
Armour         | 6 9 10 11 12 13 15 16 19 | 19.5
Staves         | 3 8 10 11 13 14 15 16 17 18 19 | 19.6
Dodging        | 5 9 11 12 13 14 16 17 18 19 | 19.5
Invocations    | 4 8 10 11 13 14 16 18 19 | 19.5
Evocations     | 2 6 7 9 10 14 18 | 18.2
Translocations | 8 10 | 10.0
Air Magic      | 4 7 |  7.5
Stealth        | 5 6 |  6.0
Shields        | |  3.0

Action                     |  1- 3 |  4- 6 |  7- 9 | 10-12 | 13-15 | 16-18 | 19-21 | 22-24 | 25-27 || total
---------------------------+-------+-------+-------+-------+-------+-------+-------+-------+-------++-------
  Melee: Flail             |   106 |   159 |    64 |       |       |       |       |       |       ||   329
         Mace              |       |    13 |    13 |       |       |       |       |       |       ||    26
         Dire flail        |       |       |   172 |   262 |    29 |     8 |       |       |       ||   471
         Lajatang          |       |       |       |   184 |   693 |   883 |   929 |  1117 |  1170 ||  4976
   Cast: Vhi's Electric Ch |       |       |       |       |       |     2 |     3 |    22 |    20 ||    47
         Passage of Golubr |       |       |       |       |       |       |       |       |     4 ||     4
         Blink             |       |       |       |       |       |       |       |       |     1 ||     1
         Lesser Beckoning  |       |       |       |       |       |       |       |       |     1 ||     1
 Invoke: Ancestor Life: Ba |       |       |       |     1 |       |       |       |       |       ||     1
         Ancestor Identity |       |       |       |     1 |       |       |       |       |       ||     1
         Recall Ancestor   |       |       |       |       |     5 |       |     6 |     8 |    14 ||    33
         Idealise          |       |       |       |       |     1 |     1 |     4 |     2 |    11 ||    19
  Evoke: Wand              |       |       |       |       |     8 |     4 |     8 |       |     2 ||    22
         Condenser vane    |       |       |       |       |       |       |     1 |       |       ||     1
         Lightning rod     |       |       |       |       |       |       |       |       |     4 ||     4
    Use: Potion            |       |     1 |     4 |     2 |       |     1 |     5 |    10 |    21 ||    44
         Scroll            |       |       |    17 |     3 |     6 |     8 |     2 |    11 |     9 ||    56
   Stab: Invisible         |       |       |     3 |     5 |       |       |       |       |    35 ||    43
         Distracted        |       |       |       |     3 |     7 |    18 |    15 |    31 |    39 ||   113
         Sleeping          |       |       |       |     1 |     1 |       |       |     5 |     3 ||    10
         Paralysed         |       |       |       |       |       |     3 |       |       |       ||     3
 Armour: Scale mail        |    13 |       |       |       |   126 |   114 |       |       |       ||   253
         Chain mail        |    91 |    77 |   172 |    96 |       |       |       |       |       ||   436
         Skin              |       |     4 |       |       |       |       |       |       |       ||     4
         Acid dragon scale |       |       |       |   164 |   125 |       |       |       |       ||   289
         Pearl dragon scal |       |       |       |       |       |   161 |   335 |   421 |   501 ||  1418
  Dodge: Dodged            |    66 |    52 |    88 |   231 |   787 |  1126 |  1160 |  1517 |  1334 ||  6361
  Block: Buckler           |    31 |    67 |    29 |       |       |       |       |       |       ||   127
         Reflection        |       |     1 |     2 |       |       |       |       |       |       ||     3
         Other             |       |       |     9 |       |       |       |       |       |       ||     9

Table legend: (Time is in decaauts)
 A = Elapsed time spent in this place.
 B = Non-inter-level travel time spent in this place.
 C = Inter-level travel time spent in this place.
 D = Time resting spent in this place.
 E = Time spent auto-exploring this place.
 F = Levels seen in this place.
 G = Mean time per level.
                   A        B        C        D        E       F      G
               +--------+--------+--------+--------+--------+-----+--------+
         Total |  47694 |  44363 |   3331 |   3865 |  26724 |  51 |  935.2 |
       Dungeon |  14458 |  13183 |   1275 |    492 |   9655 |  15 |  963.9 |
          Lair |   4494 |   4113 |    381 |     58 |   2942 |   5 |  898.8 |
        Shoals |   3092 |   2899 |    193 |    310 |   1419 |   4 |  773.0 |
     Snake Pit |   4124 |   3922 |    202 |     69 |   2705 |   4 | 1031.0 |
  Orcish Mines |   1515 |   1422 |     93 |    159 |    655 |   2 |  757.5 |
        Vaults |   7515 |   7222 |    293 |   1031 |   3914 |   5 | 1503.0 |
        Depths |   4966 |   4479 |    487 |    595 |   2576 |   4 | 1241.5 |
           Zot |   6061 |   5656 |    405 |   1151 |   2614 |   5 | 1212.2 |
         Abyss |    624 |    624 |      0 |      0 |     39 |   3 |  208.0 |
         Trove |     73 |     73 |      0 |      0 |      0 |   1 |   73.0 |
       Ossuary |    297 |    297 |      0 |      0 |    117 |   1 |  297.0 |
      Ice Cave |    325 |    325 |      0 |      0 |     85 |   1 |  325.0 |
       Volcano |    145 |    145 |      0 |      0 |      0 |   1 |  145.0 |
               +--------+--------+--------+--------+--------+-----+--------+

Top non-repeatable levels by time:
Vaults:4: 1995 daAuts
Vaults:5: 1708 daAuts
Depths:3: 1579 daAuts
   Zot:1: 1531 daAuts
Vaults:3: 1464 daAuts
   Zot:2: 1413 daAuts
 Snake:4: 1412 daAuts
     D:5: 1412 daAuts
    D:15: 1288 daAuts
Depths:4: 1263 daAuts
Vaults:1: 1258 daAuts
   Zot:4: 1231 daAuts
     D:2: 1229 daAuts
   Zot:5: 1222 daAuts
Depths:2: 1217 daAuts
